 Dungeon Crawl Stone Soup version 0.25-a0-697-g890751e744 (webtiles) character file.

Game seed: 8881016201245491793, levelgen mode: deterministic

194 Esekla the Skirmisher (level 6, 0/49 HPs)
             Began as a Formicid Abyssal Knight on Mar 31, 2020.
             Was a Believer of Lugonu.
             Slain by a centaur zombie (6 damage)
             ... in an ossuary.
             The game lasted 00:27:39 (3807 turns).

Esekla the Skirmisher (Formicid Abyssal Knight)     Turns: 3807, Time: 00:27:39

Health: 0/49       AC:  3    Str: 18    XL:     6   Next: 3%
Magic:  8/8        EV: 11    Int: 10    God:    Lugonu [**....]
Gold:   289        SH:  0    Dex: 14    Spells: 7/7 levels left

rFire    . . .     SeeInvis +   a - +1 falchion
rCold    . . .     Gourm    .   (no shield)
rNeg     . . .     Faith    .   b - +0 leather armour
rPois    .         Spirit   .   (helmet unavailable)
rElec    .         Reflect  .   (no cloak)
rCorr    .         Harm     .   (no gloves)
MR       .....                  (no boots)
Stlth    ++........             (no amulet)
HPRegen  0.16/turn              (no ring)
MPRegen  0.11/turn              (no ring)

@: marked
A: permanent stasis, dig shafts and tunnels, four strong arms, antennae 3, thin
skeletal structure 1, agile 1, dopey 1, evolution 1
a: Dig, Shaft Self, Depart the Abyss, Bend Space, Renounce Religion


You were in an ossuary.
You worshipped Lugonu.
Lugonu was pleased with you.
You were not hungry.

You visited 1 branch of the dungeon, and saw 6 of its levels.
You visited the Abyss 1 time.
You also visited: Ossuary.

You collected 289 gold pieces.

Inventory:

Hand Weapons
 a - a +1 falchion (weapon)
 j - a +0 spear
Missiles
 h - 7 boomerangs (quivered)
 k - 7 curare-tipped darts
Armour
 b - a +0 leather armour (worn)
Wands
 d - a wand of iceblast (8)
Scrolls
 m - 3 scrolls of enchant armour {unknown}
Potions
 e - a potion of degeneration {unknown}
 g - a potion of mutation
 l - a potion of haste {unknown}
 n - a potion of lignification {unknown}
 o - a potion of brilliance {unknown}
Comestibles
 c - 4 rations


   Skills:
 * Level 4.6 Fighting
 + Level 2.9 Long Blades
 + Level 0.9 Throwing
 + Level 2.9 Armour
 + Level 1.1 Dodging
 + Level 0.2 Stealth
 - Level 1.3 Spellcasting
 * Level 3.6 Invocations


You had 7 spell levels left.
You didn't know any spells.
Your spell library contained the following spells:

 Spells                   Type           Power        Failure   Level  Hunger
 Ice Form                 Ice/Tmut       #.......     98%         4    #####..
 Metabolic Englaciation   Hex/Ice        #.........   100%        5    ######.
 Freezing Cloud           Conj/Ice/Air   #.........   100%        6    #######
 Ozocubu's Refrigeration  Ice            #.........   100%        6    #######
 Simulacrum               Ice/Necr       #.........   100%        6    #######


Dungeon Overview and Level Annotations

Branches:
Dungeon (7/15)             Temple (0/1) D:6         Ossuary (1/1)

Altars:
Elyvilon
Nemelex Xobeh


Innate Abilities, Weirdness & Mutations

You cannot be hasted, slowed, berserked, paralysed or teleported.
You can dig through walls and to a lower floor.
Your four strong arms can wield two-handed weapons with a shield.
You have a pair of large antennae on your head. (SInv)
You have a somewhat thin skeletal structure. (Dex +2, Stealth)
You are agile. (Dex +2)
You are dopey. (Int -2)
You evolve.


Message History

You feel better. The centaur zombie misses you.
The centaur zombie closely misses you.
You riposte.
You hit the centaur zombie.
The centaur zombie is severely damaged.
The centaur zombie closely misses you. The centaur zombie hits you.
* * * LOW HITPOINT WARNING * * *
The centaur zombie barely misses you. The centaur zombie barely misses you.
You barely miss the centaur zombie.
The centaur zombie is severely damaged.
The centaur zombie hits you.
* * * LOW HITPOINT WARNING * * *
The centaur zombie barely misses you.
The centaur zombie hits you but does no damage.
Okay, then.
Okay, then.
You slash the centaur zombie!
The centaur zombie is almost destroyed.
The centaur zombie closely misses you. The centaur zombie hits you.
You die...

######################
#....................#
#....................#
#.....{..8..8....Z...#
#....{.{........@Z...#
#...######..######ZZ.#
#...# #..# #...# #...#
#..# #{{.# #...# #.Z#
#ZZ.# #...# ..Z. #{..#
#...# ..M.## #Z..#
#..Z# ....# #.Z.#
#..{# ....# #...#


You could see a kobold zombie, 2 centaur zombies and a human zombie.

Vanquished Creatures
  A crimson imp (D:6)
  A centaur zombie (Ossuary)
  A worker ant (D:6)
  A gnoll (D:6)
  An adder (D:2)
  An adder skeleton (D:6)
  2 worms (D:3)
  A dart slug (D:3)
  3 leopard geckos
  2 orcs (D:6)
  A ball python (D:3)
  2 bats (D:3)
  4 giant cockroaches
  5 goblins
  6 hobgoblins
  3 jackals (D:3)
  7 kobolds
  A quokka (D:6)
  4 frilled lizards
  7 hobgoblin zombies (Ossuary)
  A jackal skeleton (D:6)
  7 kobold zombies (Ossuary)
  8 orc zombies (Ossuary)
  4 rats
74 creatures vanquished.

Notes
Turn   | Place    | Note
-------+----------+-------------------------------------------
     0 | Abyss:1  | Esekla the Formicid Abyssal Knight began the quest for the
                  | Orb.
     0 | Abyss:1  | Reached XP level 1. HP: 18/18 MP: 2/2
    23 | Abyss:2  | Noticed a stone giant zombie
    56 | Abyss:2  | Noticed a raiju
    72 | Abyss:2  | Noticed a flying skull
    75 | D:1      | Escaped the Abyss
   273 | D:1      | Reached * piety under Lugonu
   470 | D:2      | Reached XP level 2. HP: 24/24 MP: 3/3
  1019 | D:1      | Reached skill level 4 in Fighting
  1076 | D:1      | Reached XP level 3. HP: 24/30 MP: 4/4
  1078 | D:1      | Found a sparkling altar of Nemelex Xobeh,
  1375 | D:1      | Reached skill level 1 in Spellcasting
  1754 | D:3      | Found a white marble altar of Elyvilon,
  2203 | D:3      | Reached XP level 4. HP: 38/38 MP: 5/5
  2736 | D:3      | You fall into a shaft and drop 2 floors!
  2736 | D:5      | Entered Level 5 of the Dungeon
  2746 | D:5      | Noticed a hippogriff
  2750 | D:5      | You fall into a shaft and drop 2 floors!
  2838 | D:7      | Noticed an orc warrior
  2848 | D:7      | Noticed a centaur
  2875 | D:6      | Reached skill level 1 in Dodging
  2875 | D:6      | Reached XP level 5. HP: 33/43 MP: 5/7
  2947 | D:6      | Reached ** piety under Lugonu
  3078 | D:6      | Found a staircase to the Ecumenical Temple,
  3129 | D:6      | Gained mutation: You have a somewhat thin skeletal
                  | structure. (Dex +2, Stealth) [potion of mutation]
  3129 | D:6      | Gained mutation: You evolve. [potion of mutation]
  3129 | D:6      | Gained mutation: You are dopey. (Int -2) [potion of
                  | mutation]
  3129 | D:6      | Gained mutation: You are agile. (Dex +2) [potion of
                  | mutation]
  3385 | D:6      | Found a sand-covered staircase,
  3408 | Ossuary  | Entered an ossuary
  3768 | Ossuary  | Reached XP level 6. HP: 22/49 MP: 8/8
  3790 | Ossuary  | HP: 1/49 [centaur zombie (6)]
  3796 | Ossuary  | HP: 1/49 [centaur zombie (1)]
  3807 | Ossuary  | Slain by a centaur zombie

Levels and vault maps discovered:
D:1:      nzn_arrival_crosshair, layout_basic, nemelex_diamond_rough_becter
D:2:      layout_basic, hangedman_abyss_or_decor_stabs
D:3:      layout_basic, elyvilon_altar_5
D:5:      layout_basic, marbit_many_paths, minmay_checkerbox
D:6:      kennysheep_six_static_rooms, layout_basic, temple_green,
          enter_ossuary_4
D:7:      layout_loops_ring, nicolae_overflow_hidden_temple, grunt_ministairs_12
Ossuary:  ossuary_tomb_1

Skill      XL: |  1  2  3  4  5 |
---------------+----------------+-----
Fighting       | 4 |  4.6
Spellcasting   | 1 |  1.3
Dodging        | 1 |  1.1
Invocations    | 3 |  3.6
Long Blades    | |  2.9
Throwing       | |  0.9
Armour         | |  2.9
Stealth        | |  0.2

Action                   |  1- 3 |  4- 6 || total
-------------------------+-------+-------++-------
Melee: Falchion          |    95 |   120 ||   215
Throw: Boomerang         |    17 |    42 ||    59
Invok: Depart the Abyss  |     1 |       ||     1
 Abil: Shaft Self        |       |     2 ||     2
       Dig               |       |     2 ||     2
  Use: Scroll            |       |     7 ||     7
       Potion            |       |     7 ||     7
 Stab: Sleeping          |       |     1 ||     1
  Eat: Chunk             |     4 |     3 ||     7
       Ration            |       |     1 ||     1
Armor: Leather armour    |    22 |    24 ||    46
Dodge: Dodged            |    58 |    92 ||   150
       Rpst.: Falchion   |    14 |    28 ||    42

Table legend:
 A = Non-vault XP
 B = Vault XP
 C = Vault XP percentage of total XP
 D = Non-vault monster count
 E = Vault monster count
 F = Vault count percentage of total count
                 A         B        C        D         E       F
            +---------+---------+-------+---------+---------+-------
      Total |     207 |      71 |  25.5 |      50 |      24 |  32.4
            +---------+---------+-------+---------+---------+-------
        D:1 |      24 |       0 |   0.0 |      14 |       0 |   0.0
        D:2 |      23 |       0 |   0.0 |       6 |       0 |   0.0
        D:3 |      43 |       0 |   0.0 |      20 |       0 |   0.0
        D:6 |     117 |       2 |   1.7 |      10 |       1 |   9.1
    Ossuary |       0 |      69 | 100.0 |       0 |      23 | 100.0
            +---------+---------+-------+---------+---------+-------
